 Dungeon Crawl Stone Soup version 0.22-a0-322-g60b3cfd (webtiles) character file.

76724 galech the Brawler (level 15, -5/150 HPs)
             Began as a Troll Monk on Apr 4, 2018.
             Was the Champion of Okawaru.
             Slain by a 12-headed hydra (8 damage)
             ... on level 6 of the Lair of Beasts.
             The game lasted 00:45:44 (21508 turns).

galech the Brawler (Troll Monk)                    Turns: 21508, Time: 00:45:45

Health: -5/150     AC: 10    Str: 31    XL:     15   Next: 13%
Magic:  13/14      EV: 13    Int:  6    God:    Okawaru [******]
Gold:   920        SH: 22    Dex: 12    Spells: 14/14 levels left

rFire    + . .     SeeInvis .     - Unarmed
rCold    + . .     Gourm    +   K - +1 large shield {rN+}
rNeg     + . .     Faith    .   Q - +2 robe {rC+}
rPois    +         Spirit   .   r - +1 hat {MR+}
rElec    .         Reflect  +   L - +0 cloak {rPois}
rCorr    .         Harm     .   (gloves unavailable)
MR       ++...                  (boots unavailable)
Stlth    ++........             l - +2 amulet of reflection
HPRegen  0.75/turn              t - +3 ring of strength
MPRegen  0.14/turn              E - ring of protection from fire

@: about to teleport, studying Unarmed Combat
A: large, unfitting armour, claws 3, fast metabolism 3, gourmand, regeneration
1, shaggy fur 1, tough skin 2
a: Heroism, Finesse, Renounce Religion


You were on level 6 of the Lair of Beasts.
You worshipped Okawaru.
Okawaru was exalted by your worship.
You were very full.

You visited 3 branches of the dungeon, and saw 19 of its levels.
You also visited: Sewer.

You collected 2244 gold pieces.
You spent 1324 gold pieces at shops.

Inventory:

Hand Weapons
 s - a +5 scythe of flaming
 N - the +5 short sword "Tonne" {pierce, MR+ Dex+3}
   (Okawaru gifted it to you on level 10 of the Dungeon)

   It inflicts extra damage upon your enemies.
   It affects your dexterity (+3).
   It affects your resistance to hostile enchantments.
 U - the +4 spear of Disintegration {holy, rF+ Str+3 Dex+3 Stlth+}
   (You found it on level 4 of the Lair of Beasts)

   It has been blessed by the Shining One to cause great damage to the undead
   and demons.
   It affects your strength (+3).
   It affects your dexterity (+3).
   It protects you from fire.
   It makes you more stealthy.
Armour
 r - a +1 hat of magic resistance (worn)
 D - a +0 troll leather armour
 K - a +1 large shield of positive energy (worn)
 L - a +0 cloak of poison resistance (worn)
 P - a +0 robe of magic resistance
 Q - a +2 robe of cold resistance (worn)
 R - a scarf of cloud immunity
 S - a +2 robe of positive energy
Jewellery
 c - an uncursed amulet of guardian spirit {unknown}
 l - a +2 amulet of reflection (around neck)
 t - a +3 ring of strength (left claw)
 y - an uncursed ring of magical power
 E - a ring of protection from fire (right claw)
 G - an uncursed ring of ice {unknown}
 V - an uncursed ring of protection from magic
 W - an uncursed amulet of rage {unknown}
 Z - an uncursed ring of flight
Wands
 p - a wand of digging (29)
 B - a wand of iceblast (9)
Scrolls
 e - 3 scrolls of blinking
 g - 10 scrolls of remove curse
 i - 9 scrolls of teleportation
 m - 2 scrolls of fear {unknown}
 o - 6 scrolls of magic mapping
 C - a scroll of summoning {unknown}
 H - 2 scrolls of identify
 J - a scroll of silence
 O - a scroll of fog
 X - 2 scrolls of acquirement {unknown}
 Y - a scroll of enchant armour
Potions
 d - 2 potions of agility {unknown}
 f - 3 potions of heal wounds
 h - 2 potions of ambrosia {unknown}
 j - 2 potions of brilliance {unknown}
 k - 10 potions of curing {unknown}
 n - 2 potions of might {unknown}
 q - a potion of berserk rage {unknown}
 u - 7 potions of degeneration {unknown}
 v - 3 potions of lignification {unknown}
 w - 2 potions of haste
 x - 6 potions of flight {unknown}
 z - 2 potions of magic {unknown}
 A - 3 potions of invisibility
 F - 2 potions of resistance {unknown}
Books
 T - a manual of Unarmed Combat
Miscellaneous
 I - a box of beasts
Comestibles
 a - 41 chunks of flesh
 b - 54 rations


   Skills:
 + Level 10.3 Fighting
 + Level 7.6 Armour
 + Level 10.4 Dodging
 - Level 1.2 Stealth
 + Level 8.9 Shields
 * Level 17.8 Unarmed Combat


You had 14 spell levels left.
You didn't know any spells.

Dungeon Overview and Level Annotations

Branches:
Dungeon (11/15)            Temple (0/1) D:4            Lair (6/6) D:11
  Swamp (0/4) Lair:4        Snake (0/4) Lair:3        Slime (0/5) Lair:5
    Orc (2/2) D:10            Elf (0/3) Orc:2

Altars:
Cheibriados
Dithmenos
Hepliaklqana
Kikubaaqudgha
Makhleb
Nemelex Xobeh
Okawaru
Qazlal
Ru
Sif Muna
Uskayaw
Vehumet
Wu Jian
Xom
The Shining One
Beogh
Jiyva

Shops:
Orc:2 :(*[

Portals:
Trove: D:11 (give +2 gold dragon scales)


Innate Abilities, Weirdness & Mutations

You are too large for most types of armour.
You have claws for hands.
Your metabolism is lightning-fast.
You like to eat raw meat.
Your natural rate of healing is unusually fast.
You are covered in fur. (AC +1)
You have very tough skin. (AC +2)


Message History

The 12-headed hydra bites you. x2; The 12-headed hydra misses you.
You block the 12-headed hydra's attack. The 12-headed hydra bites you!
You block the 12-headed hydra's attack. The 12-headed hydra bites you!
* * * LOW HITPOINT WARNING * * *
You are too injured to fight recklessly!
You feel like a meek peon again.
As you read the scroll of teleportation, it crumbles to dust.
You feel strangely unstable. The 12-headed hydra closely misses you.
The 12-headed hydra bites you!
* * * LOW HITPOINT WARNING * * *
The 12-headed hydra bites you.
* * * LOW HITPOINT WARNING * * *
You block the 12-headed hydra's attack. The 12-headed hydra bites you!
* * * LOW HITPOINT WARNING * * *
You block the 12-headed hydra's attack. The 12-headed hydra bites you!
* * * LOW HITPOINT WARNING * * *
You block the 12-headed hydra's attack. The 12-headed hydra bites you.
* * * LOW HITPOINT WARNING * * *
The 12-headed hydra bites you!
You die...

### ##### #.## ### #)..#
########..## #.## ##...#
.#.##.#....###..####....##
....##.....##....##......#
.....†........#.@D......##
.......#÷.....##††.....#.#
......#.#.#..######...####
#.#..######..# ##.#.##
###### #### ##.#.#.#
###.#### ##.%...##
.#...#.### #......##
.........## ##......#
..........## ##%...%#


You could see a 12-headed hydra.

Vanquished Creatures
  Rupert (Lair:5)
  Gastronok (D:9)
  An orc warlord (Orc:1)
  A dire elephant (Lair:6)
  Snorg (D:10)
  Josephine (D:10)
  5 hydras
  7 two-headed ogres
  Erica (D:8)
  3 death yaks (Lair:5)
  A queen ant (Lair:3)
  An ogre mage (D:10)
  Urug (Lair:5)
  6 orc high priests
  Nergalle (Lair:4)
  An unseen horror (D:10)
  Pikel (D:8)
  6 orc sorcerers
  6 orc knights
  2 oklob plants (Lair:1)
  An elephant (D:11)
  Maurice (D:8)
  5 black mambas
  A torpor snail (Lair:5)
  9 spiny frogs
  A rime drake (Lair:6)
  6 komodo dragons
  11 polar bears
  6 trolls
  3 hornets
  8 hippogriffs
  29 blink frogs
  2 raiju (Lair:6)
  14 dream sheep
  Sigmund (D:4)
  4 wraiths
  11 wyverns
  16 yaks
  3 basilisks
  Grum (D:8)
  5 soldier ants (Lair:3)
  10 wargs
  22 water moccasins
  13 hell hounds (Lair:6)
  3 porcupines
  33 orc warriors
  4 slaves (D:8)
  12 black bears
  An eye of draining (D:8)
  2 ice beasts
  3 sky beasts
  9 ogres
  30 wolves
  5 centaurs
  A necrophage (D:10)
  11 crocodiles
  5 big kobolds
  13 bullfrogs
  A gnoll sergeant (D:9)
  4 scorpions
  A water moccasin skeleton (D:6)
  10 wights
  3 howler monkeys
  An electric eel (Lair:2)
  2 bullfrog zombies (D:8)
  3 crimson imps
  3 centaur zombies
  6 hounds
  2 quasits
  A centaur skeleton (D:10)
  8 jellies
  19 orc priests
  25 orc wizards
  A bullfrog skeleton (D:11)
  Jessica (D:3)
  5 iguanas
  15 worker ants
  A hound zombie (D:6)
  A worker ant zombie (D:5)
  8 gnolls (D:9)
  20 adders
  A shadow imp (D:5)
  3 white imps (D:10)
  An ufetubus (D:10)
  15 oozes
  An adder zombie (D:10)
  3 adder skeletons
  6 worms
  3 dart slugs
  5 leopard geckos
  60 orcs
  9 ball pythons
  14 bats
  13 giant cockroaches
  6 goblins
  7 hobgoblins
  14 jackals
  7 quokkas
  9 frilled lizards
  22 kobolds
  3 quokka skeletons
  8 rats
714 creatures vanquished.

Vanquished Creatures (others)
  2 orcs (Orc:2)
  16 fungi
  22 plants (Lair:6)
40 creatures vanquished.

Grand Total: 754 creatures vanquished

Notes
Turn   | Place    | Note
-------+----------+-------------------------------------------
     0 | D:1      | galech the Troll Monk began the quest for the Orb.
     0 | D:1      | Reached XP level 1. HP: 22/22 MP: 0/0
    60 | D:1      | Reached XP level 2. HP: 25/29 MP: 1/1
   370 | D:1      | Reached XP level 3. HP: 36/36 MP: 2/2
  1120 | D:2      | Reached skill level 4 in Unarmed Combat
  1482 | D:2      | Reached XP level 4. HP: 43/44 MP: 3/3
  1866 | D:3      | Noticed Jessica
  1868 | D:3      | Killed Jessica
  1993 | D:3      | Noticed a big kobold
  2004 | D:3      | Killed a big kobold
  2004 | D:3      | Reached XP level 5. HP: 51/53 MP: 4/4
  2023 | D:3      | Reached skill level 5 in Unarmed Combat
  2023 | D:3      | Reached XP level 6. HP: 52/61 MP: 5/5
  2096 | D:3      | Found an iron altar of Okawaru.
  2275 | D:3      | Became a worshipper of Warmaster Okawaru
  2275 | D:3      | Reached * piety under Okawaru
  2275 | D:3      | Reached ** piety under Okawaru
  2599 | D:4      | Noticed Sigmund
  2617 | D:4      | Killed Sigmund
  2800 | D:4      | Reached skill level 6 in Unarmed Combat
  2800 | D:4      | Reached XP level 7. HP: 57/68 MP: 6/6
  3210 | D:4      | Found a radiant altar of Vehumet.
  3211 | D:4      | Found a sparkling altar of Nemelex Xobeh.
  3211 | D:4      | Found an iron altar of Okawaru.
  3212 | D:4      | Found a snail-covered altar of Cheibriados.
  3215 | D:4      | Found a sacrificial altar of Ru.
  3725 | D:4      | Found a staircase to the Ecumenical Temple.
  3771 | D:5      | Entered Level 5 of the Dungeon
  4556 | D:6      | Found a glowing drain.
  4579 | D:6      | Reached skill level 7 in Unarmed Combat
  4636 | Sewer    | Entered a sewer
  5210 | D:6      | Reached XP level 8. HP: 62/79 MP: 7/7
  5339 | D:6      | Found a burning altar of Makhleb.
  5339 | D:6      | Found a shimmering altar of Xom.
  5708 | D:6      | Found an ornate altar of the Wu Jian Council.
  5921 | D:7      | Reached skill level 8 in Unarmed Combat
  5936 | D:7      | Reached *** piety under Okawaru
  5936 | D:7      | Reached skill level 5 in Dodging
  5946 | D:7      | Reached skill level 5 in Fighting
  6051 | D:7      | Noticed a hippogriff
  6065 | D:7      | Killed a hippogriff
  6065 | D:7      | Reached skill level 1 in Shields
  6212 | D:7      | Reached XP level 9. HP: 30/88 MP: 8/8
  6418 | D:7      | Reached **** piety under Okawaru
  6712 | D:8      | Reached skill level 9 in Unarmed Combat
  6784 | D:8      | Noticed Grum
  6865 | D:8      | Killed Grum
  6889 | D:8      | Noticed a two-headed ogre
  6943 | D:8      | Killed a two-headed ogre
  7028 | D:8      | Noticed Erica
  7038 | D:8      | Killed Erica
  7038 | D:8      | Reached ***** piety under Okawaru
  7038 | D:8      | Reached skill level 10 in Unarmed Combat
  7038 | D:8      | Reached XP level 10. HP: 70/98 MP: 9/9
  7302 | D:8      | Found a stormy altar of Qazlal.
  7302 | D:8      | Found a glowing golden altar of the Shining One.
  7303 | D:8      | Found a shadowy altar of Dithmenos.
  7359 | D:8      | Noticed Pikel
  7360 | D:8      | Noticed Maurice
  7390 | D:8      | Killed Pikel
  7390 | D:8      | Received a gift from Okawaru
  7396 | D:8      | Killed Maurice
  7728 | D:9      | Reached skill level 11 in Unarmed Combat
  8202 | D:9      | Noticed Gastronok
  8213 | D:9      | Killed Gastronok
  8213 | D:9      | Reached skill level 1 in Armour
  8213 | D:9      | Reached XP level 11. HP: 55/109 MP: 7/10
  8343 | D:9      | Noticed a two-headed ogre
  8357 | D:9      | Killed a two-headed ogre
  8654 | D:9      | Reached ****** piety under Okawaru
  8677 | D:9      | Reached skill level 5 in Shields
  8695 | D:9      | Found a hide-covered altar of Uskayaw.
  8695 | D:9      | Found a hazy altar of Hepliaklqana.
  8820 | D:10     | Entered Level 10 of the Dungeon
  8841 | D:10     | Noticed a two-headed ogre
  8850 | D:10     | Killed a two-headed ogre
  8850 | D:10     | Received a gift from Okawaru
  8858 | D:10     | Got a pitted short sword {god gift}
  8859 | D:10     | Identified the +5 short sword "Tonne" {pierce, MR+ Dex+3} (Okawaru gifted it to you on level 10 of the Dungeon)
  8964 | D:10     | Reached skill level 12 in Unarmed Combat
  9179 | D:10     | Noticed a two-headed ogre
  9188 | D:10     | Killed a two-headed ogre
  9189 | D:10     | Noticed a two-headed ogre
  9190 | D:10     | Noticed a two-headed ogre
  9190 | D:10     | Noticed an ogre mage
  9193 | D:10     | Noticed a two-headed ogre
  9196 | D:10     | Killed a two-headed ogre
  9198 | D:10     | Killed an ogre mage
  9201 | D:10     | Killed a two-headed ogre
  9201 | D:10     | Received a gift from Okawaru
  9231 | D:10     | Killed a two-headed ogre
  9505 | D:10     | Killed an unseen horror
  9505 | D:10     | Reached XP level 12. HP: 119/119 MP: 11/11
  9547 | D:10     | Found a deep blue altar of Sif Muna.
  9628 | D:10     | Found a staircase to the Orcish Mines.
  9638 | D:10     | Found a roughly hewn altar of Beogh.
  9693 | Orc:1    | Entered Level 1 of the Orcish Mines
  9693 | Orc:1    | Noticed Josephine
  9693 | Orc:1    | Noticed Snorg
  9859 | D:10     | HP: 5/119 [Snorg (9)]
  9991 | D:10     | Killed Josephine
  9991 | D:10     | Received a gift from Okawaru
  9991 | D:10     | Reached skill level 13 in Unarmed Combat
 10185 | D:10     | Killed Snorg
 10449 | Orc:1    | Found a roughly hewn altar of Beogh.
 10626 | Orc:2    | Entered Level 2 of the Orcish Mines
 10947 | Orc:2    | Noticed an orc high priest
 10949 | Orc:2    | Noticed an orc high priest
 11216 | Orc:2    | Killed an orc high priest
 11224 | Orc:1    | Killed an orc high priest
 11327 | Orc:2    | Noticed an orc warlord
 11426 | Orc:1    | Killed an orc warlord
 11426 | Orc:1    | Reached skill level 5 in Armour
 11561 | Orc:2    | Noticed an orc high priest
 11582 | Orc:1    | Killed an orc high priest
 11582 | Orc:1    | Received a gift from Okawaru
 11664 | Orc:2    | Reached XP level 13. HP: 128/128 MP: 12/12
 11783 | Orc:2    | Reached skill level 14 in Unarmed Combat
 12192 | Orc:2    | Found Cihasets's General Store.
 12193 | Orc:2    | Found Vejohin's Book Shoppe.
 12194 | Orc:2    | Found Opaxis's Antique Armour Emporium.
 12194 | Orc:2    | Found Kymu's Antique Weapon Emporium.
 12624 | Orc:2    | Found a staircase to the Elven Halls.
 13569 | Orc:2    | Bought a manual of Unarmed Combat for 1324 gold pieces
 13661 | D:11     | Found a staircase to the Lair.
 13787 | D:11     | Found a portal to a secret trove of treasure.
 14348 | D:11     | Found a sparkling altar of Nemelex Xobeh.
 14591 | Lair:1   | Entered Level 1 of the Lair of Beasts
 14713 | Lair:1   | Found a hide-covered altar of Uskayaw.
 15027 | Lair:1   | Got an encrusted battleaxe
 15033 | Lair:1   | Identified the +3 battleaxe of the Thirsty Orbs {chaos, rN++ MR+ Dex+4} (You found it on level 1 of the Lair of Beasts)
 15198 | Lair:1   | Received a gift from Okawaru
 15459 | Lair:2   | Reached skill level 15 in Unarmed Combat
 16381 | Lair:3   | Got a pitted flail
 16382 | Lair:3   | Identified the +4 flail of Busis {crush, *Corrode rF+ Str+4} (You found it on level 3 of the Lair of Beasts)
 16407 | Lair:3   | Found a staircase to the Snake Pit.
 16637 | Lair:3   | Reached XP level 14. HP: 140/140 MP: 13/13
 16958 | Lair:3   | Received a gift from Okawaru
 17494 | Lair:4   | Found an ancient bone altar of Kikubaaqudgha.
 17647 | Lair:4   | Noticed Nergalle
 17660 | Lair:4   | Killed Nergalle
 17682 | Lair:4   | Got a bloodstained spear
 17683 | Lair:4   | Identified the +4 spear of Disintegration {holy, rF+ Str+3 Dex+3 Stlth+} (You found it on level 4 of the Lair of Beasts)
 17823 | Lair:4   | Found a staircase to the Swamp.
 18276 | Lair:5   | Noticed Urug
 18287 | Lair:5   | Killed Urug
 18287 | Lair:5   | Reached skill level 16 in Unarmed Combat
 18807 | Lair:5   | Received a gift from Okawaru
 19044 | Lair:5   | Found a viscous altar of Jiyva.
 19044 | Lair:5   | Found a staircase to the Slime Pits.
 19279 | Lair:5   | Noticed Rupert
 19297 | Lair:5   | Killed Rupert
 19703 | Lair:6   | Entered Level 6 of the Lair of Beasts
 19724 | Lair:6   | Reached skill level 10 in Dodging
 19876 | Lair:6   | Reached skill level 10 in Fighting
 20038 | Lair:6   | Reached skill level 17 in Unarmed Combat
 20938 | Lair:6   | Received a gift from Okawaru
 21219 | Lair:6   | Reached XP level 15. HP: 126/149 MP: 14/14
 21508 | Lair:6   | HP: 3/150 [12-headed hydra (5)]
 21508 | Lair:6   | Slain by a 12-headed hydra

Vault maps used:
D:1:      grunt_arrival_crossed_arrows
D:3:      cheibrodos_thug_alley, okawaru_gym_becter, uniq_jessica
D:4:      minitemple, lemuel_temple_firewalk_b, serial_co_window_serial,
          co_window_of_opportunity_a, co_window_corner_a, co_window_corner_a,
          co_window_corner_a, co_window_corner_a, co_window_corner_b,
          co_window_of_opportunity_b, co_window_of_opportunity_c,
          co_window_4corner_b, co_window_4corner_a, glass_columns_c,
          glass_columns_b, uniq_sigmund
D:5:      first_ration
D:6:      grunt_temple_overflow_champion_of_chaos, kennysheep_mini_moat,
          gup_sewer_entry_glass
D:8:      gammafunk_temple_overflow_claw, hangedman_decor_points,
          blue_anna_alchemist, uniq_erica, uniq_pikel, uniq_maurice, uniq_grum
D:9:      gammafunk_temple_overflow_pools, uniq_gastronok
D:10:     minmay_orc_entry_temple_small, basic_altar, serial_ice, serial_ice_i,
          serial_ice_o, serial_ice_b, serial_ice_h, skrybe_limestone_x
D:11:     david_lair_generic, enter_trove_1, nemelex_altar_shiori
Lair:1:   lemuel_slime, lemuel_oklob_altar
Lair:2:   nicolae_quartered_pool_medium
Lair:3:   minmay_snake_entry_six_corridors, wad_woods_antlair,
          lemuel_fruit_fields, infiniplex_staircase_pool
Lair:4:   swamp_mist_pool, basic_altar, uniq_nergalle
Lair:5:   dpeg_slime_entry_enclosed_altar, serial_bayou_pond_d,
          cheibrodos_lair_reptile_den, lemuel_fruit_tree, uniq_urug, uniq_rupert
Lair:6:   hangedman_lair_caniforms_friends, hangedman_lair_tendril_chambers
Orc:1:    basic_altar, uniq_josephine, uniq_snorg
Orc:2:    st_orc_congregation
Sewer:    sewer_fruit_machine

Skill      XL: |  1  2  3  4  5  6  7  8  9 10 11 12 13 14 |
---------------+-------------------------------------------+-----
Unarmed Combat | 4 5 6 7 8 10 11 12 13 15 17 | 17.8
Dodging        | 3 4 5 6 7 8 9 10 | 10.4
Fighting       | 3 4 5 6 7 8 9 10 | 10.3
Shields        | 1 3 4 5 6 7 8 |  8.9
Armour         | 1 3 5 6 7 |  7.6
Stealth        | |  1.2

Action                   |  1- 3 |  4- 6 |  7- 9 | 10-12 | 13-15 || total
-------------------------+-------+-------+-------+-------+-------++-------
Melee: Unarmed           |   114 |   104 |   345 |   608 |  1098 ||  2269
       Punch             |     1 |     5 |     9 |       |       ||    15
       Scythe            |       |     9 |       |       |       ||     9
Invok: Heroism           |       |       |     1 |     8 |    22 ||    31
       Finesse           |       |       |       |     1 |       ||     1
  Use: Scroll            |       |       |     6 |    11 |     7 ||    24
 Stab: Sleeping          |     4 |     2 |     7 |     2 |     4 ||    19
       Distracted        |       |       |       |     1 |     1 ||     2
  Eat: Chunk             |    19 |    12 |    40 |    43 |    88 ||   202
Armor: Robe              |    32 |    22 |    93 |    50 |   169 ||   366
       Troll leather arm |       |       |       |    61 |       ||    61
Dodge: Dodged            |    60 |    46 |   153 |   239 |   420 ||   918
Block: Shield            |       |       |    59 |   323 |   517 ||   899
       Other             |       |       |     4 |       |       ||     4
       Reflection        |       |       |     1 |    12 |    13 ||    26
       Large shield      |       |       |       |       |   202 ||   202

Table legend:
 A = Spawn XP
 B = Non-spawn XP
 C = Spawn XP percentage of total XP
 D = Spawn monster count
 E = Non-spawn monster count
 F = Spawn count percentage of total count
 G = Total turns spent on level
                    A         B        C        D         E        F      G
               +---------+---------+-------+---------+---------+-------+---------
         Total |       0 |  109607 |   0.0 |       0 |     712 |   0.0 | 21508
               +---------+---------+-------+---------+---------+-------+---------
           D:1 |       0 |      50 |   0.0 |       0 |      29 |   0.0 |   896
           D:2 |       0 |      72 |   0.0 |       0 |      22 |   0.0 |   874
           D:3 |       0 |     272 |   0.0 |       0 |      25 |   0.0 |   747
           D:4 |       0 |     440 |   0.0 |       0 |      16 |   0.0 |  1254
           D:5 |       0 |     359 |   0.0 |       0 |      13 |   0.0 |   726
           D:6 |       0 |     659 |   0.0 |       0 |      21 |   0.0 |   759
           D:7 |       0 |    1180 |   0.0 |       0 |      23 |   0.0 |   977
           D:8 |       0 |    4808 |   0.0 |       0 |      35 |   0.0 |   832
           D:9 |       0 |    6135 |   0.0 |       0 |      35 |   0.0 |  1230
          D:10 |       0 |   14297 |   0.0 |       0 |      61 |   0.0 |  1463
          D:11 |       0 |    4000 |   0.0 |       0 |      21 |   0.0 |   949
        Lair:1 |       0 |    3571 |   0.0 |       0 |      29 |   0.0 |   849
        Lair:2 |       0 |    3965 |   0.0 |       0 |      18 |   0.0 |   820
        Lair:3 |       0 |    8046 |   0.0 |       0 |      47 |   0.0 |  1230
        Lair:4 |       0 |    3307 |   0.0 |       0 |      10 |   0.0 |   783
        Lair:5 |       0 |   15238 |   0.0 |       0 |      51 |   0.0 |  1887
        Lair:6 |       0 |   23536 |   0.0 |       0 |      98 |   0.0 |  1348
         Orc:1 |       0 |    8598 |   0.0 |       0 |      48 |   0.0 |  1646
         Orc:2 |       0 |   11019 |   0.0 |       0 |      88 |   0.0 |  1713
         Sewer |       0 |      55 |   0.0 |       0 |      22 |   0.0 |   525
               +---------+---------+-------+---------+---------+-------+---------
